AoeStats
← PILLOSAURIO

African Clearing

510561288Analyzed
2v2 RM · 15h ago on Oct 1, 2026· 74m 37s· 4 players
Game mode
Random Map
Map size
Medium (4 player)
Population
200
Speed
Normal
Resources
Standard
Victory
Conquest
Starting age
Dark Age
Ending age
Imperial Age
RankedLock teamsTeams togetherTeam positionsShared explorationLock speedFull tech treeHidden civsTurbo modeCheats
Victory
Defeat
🇳🇱 Mongols · Netherlands
1246
+14
🇺🇸 Dravidians · United States
1228
+15
🇪🇸 Ethiopians · Spain
1211
-15
🇪🇸 Franks · Spain
1208
-14
PILLOSAURIO
11:41 Loom
14:04 Feudal Age
15:06 Double-Bit Axe
17:51 Castle Age
19:52 Bow Saw
23:12 Town Watch
24:20 Fletching
26:02 Elite Skirmisher
27:37 Wheelbarrow
28:07 Padded Archer Armor
28:28 Bodkin Arrow
29:34 Ballistics
30:16 Leather Archer Armor
31:29 Horse Collar
36:37 Imperial Age
34:03 Stone Mining
35:53 Hand Cart
36:24 Husbandry
39:26 Heavy Plow
41:31 Two-Man Saw
40:04 Capped Ram
41:07 Bracer
40:44 Heavy Camel Rider
42:03 Town Patrol
43:03 Conscription
42:47 Scale Mail Armor
43:59 Ring Archer Armor
43:06 Elite Shotel Warrior
44:02 Chain Mail Armor
43:58 Forging
45:48 Torsion Engines
47:31 Gold Mining
48:13 Royal Heirs
47:47 Crossbowman
48:15 Arbalester
50:20 Chemistry
49:16 Murder Holes
52:53 Thumb Ring
57:51 Gold Shaft Mining
57:10 Light Cavalry
57:57 Scale Barding Armor
58:27 Iron Casting
61:40 Stone Shaft Mining
61:28 Squires
62:55 Plate Mail Armor
xpellicer1992
12:29 Feudal Age
12:24 Loom
16:25 Forging
16:58 Scale Mail Armor
20:54 Double-Bit Axe
24:29 Castle Age
22:58 Scale Barding Armor
23:12 Gold Mining
23:16 Stone Mining
31:08 Gold Shaft Mining
35:08 Imperial Age
32:32 Town Watch
33:24 Wheelbarrow
36:14 Town Patrol
39:47 Murder Holes
40:14 Ballistics
40:45 Cavalier
43:15 Bow Saw
45:08 Husbandry
45:32 Elite Skirmisher
49:08 Light Cavalry
54:25 Chain Mail Armor
54:31 Chain Barding Armor
54:47 Iron Casting
55:54 Paladin
57:08 Plate Mail Armor
62:37 Plate Barding Armor
62:03 Padded Archer Armor
61:54 Fletching
65:10 Bodkin Arrow
65:31 Leather Archer Armor
72:58 Hand Cart
Maverick8564
15:05 Feudal Age
15:57 Double-Bit Axe
15:56 Horse Collar
16:01 Fishing Lines
18:49 Castle Age
19:50 Bow Saw
21:34 Fletching
23:11 Loom
24:34 Bodkin Arrow
25:45 Wheelbarrow
25:38 Gillnets
27:43 Thumb Ring
29:00 Ballistics
29:19 Gold Mining
29:52 Husbandry
29:54 Padded Archer Armor
30:49 Hand Cart
30:19 Light Cavalry
33:32 Scale Barding Armor
33:38 Forging
34:10 Medium Warships
44:14 Chain Barding Armor
44:30 Town Watch
47:48 Iron Casting
47:48 Leather Archer Armor
53:43 Imperial Age
51:52 Heavy Plow
56:09 Bracer
57:34 Guilds
58:37 Elite Elephant Archer
61:48 Chemistry
73:17 Blast Furnace
72:48 Ring Archer Armor
73:39 Siege Elephant
BenBouten4
3:15 Loom
11:42 Feudal Age
15:59 Castle Age
16:08 Castle Age
13:54 Double-Bit Axe
17:10 Wheelbarrow
16:20 Town Watch
19:22 Horse Collar
21:38 Stone Mining
22:32 Fletching
26:11 Bodkin Arrow
27:11 Ballistics
27:27 Bow Saw
27:45 Padded Archer Armor
29:00 Husbandry
29:25 Bloodlines
29:43 Leather Archer Armor
30:09 Gold Mining
31:45 Thumb Ring
38:37 Imperial Age
39:36 Bracer
41:08 Chemistry
40:51 Light Cavalry
41:38 Scale Barding Armor
41:43 Forging
42:17 Hussar
51:26 Chain Barding Armor
51:42 Iron Casting
51:26 Town Patrol
51:42 Hand Cart
55:09 Blast Furnace
67:44 Conscription
73:40 Elite Mangudai
Connection lost

Rejoining the realm…

Still unreachable

The connection could not be restored.

Session expired

The server has moved on; the page needs a fresh start.